Get step-by-step instructions on how to execute this build order below. Start the game timer, and the build order will tick by so you can play in parallel with StarCraft on a second screen or mobile device.

Game Time

  0:00

Last Step

  N/A

Next Step

Upcoming Step



Don't want to look back and forth between 2 screens? Try out our Overwolf App, the Spawning Tool Build Advisor to get an in-game overlay with this build!

Complete Build Order

  12  0:00  Drone  
  13  0:11  Overlord  
  13  0:16  Drone  
  14  0:30  Drone x2  
  16  0:47  Hatchery  
  15  0:50  Drone  
  15  0:54  Drone  
  17  0:57  Drone  
  18  1:08  Extractor  
  17  1:12  Spawning Pool  
  17  1:15  Drone  
  17  1:19  Drone  
  18  1:27  Drone  
  19  1:37  Drone  
  20  1:48  Drone  
  21  1:58  Queen x2  
  21  1:59  Zergling x2  
  21  2:00  Overlord  
  26  2:09  Drone  
  26  2:11  Drone  
  28  2:16  Metabolic Boost  
  28  2:21  Drone x2  
  30  2:32  Hatchery  
  30  2:35  Drone x2  
  31  2:41  Evolution Chamber  
  31  2:42  Drone  
  31  2:44  Drone  
  32  2:53  Overlord  
  32  2:55  Drone  
  33  3:04  Drone x2  
  35  3:06  Drone  
  35  3:08  Zerg Missile Weapons Level 1  
  36  3:14  Zergling x4  
  36  3:15  Drone x2  
  36  3:16  Drone  
  36  3:17  Overlord  
  41  3:26  Zergling x4, Roach Warren  
  42  3:35  Drone  
  42  3:37  Drone  
  42  3:39  Queen  
  46  3:42  Drone x2  
  46  3:43  Overlord  
  46  3:47  Zergling x6  
  51  3:49  Zergling x2  
  51  3:52  Zergling x2  
  53  3:57  Zergling x4, Evolution Chamber  
  53  4:02  Zergling x2  
  53  4:04  Queen  
  53  4:08  Zergling x4  
  53  4:13  Roach x2  
  56  4:20  Zergling x4, Roach x2  
  60  4:25  Lair  
  60  4:29  Zergling x8  
  62  4:33  Roach  
  62  4:34  Zergling x2  
  62  4:38  Overlord  
  64  4:44  Zergling x2, Roach  
  65  4:48  Extractor, Drone  
  65  4:49  Overlord  
  65  4:53  Overlord  
  65  4:57  Drone x3  
  65  4:59  Drone x3  
  71  5:04  Drone  
  71  5:05  Drone  
  73  5:07  Overlord  
  73  5:12  Drone  
  74  5:15  Drone  
  74  5:19  Drone x2  
  74  5:20  Drone  
  74  5:21  Drone  
  77  5:22  Queen  
  77  5:25  Glial Reconstitution  
  76  5:32  Drone x5  
  76  5:35  Overseer  
  81  5:36  Drone x2, Extractor  
  81  5:37  Extractor  
  81  5:39  Ravager  
  81  5:40  Drone x3  
  81  5:42  Drone  
  86  5:44  Extractor  
  82  5:50  Overlord  
  82  5:56  Roach x5  
  90  6:02  Overlord  
  90  6:03  Roach x2  
  94  6:04  Overlord  
  94  6:06  Overlord  
  94  6:07  Roach  
  96  6:12  Roach  
  96  6:14  Roach  
  102  6:18  Roach  
  102  6:22  Overlord  
  102  6:23  Roach  
  104  6:28  Roach x4  
  104  6:32  Overlord  
  112  6:35  Roach x5  
  112  6:39  Roach x3  
  128  6:48  Overlord  
  128  6:50  Roach x2  
  132  6:56  Roach x2  
  138  7:08  Hatchery